 Dungeon Crawl Stone Soup version 0.29-a0-1033-gb6c65ffae6 (webtiles) character file.

Game seed: 8120976185737468965

211 porpoise the Changer (level 5, 0/46 HPs)
             Began as a Draconian Transmuter on Aug 15, 2022.
             Slain by Edmund
             ... wielding a +3 flail of holy wrath
              (6 damage)
             ... on level 5 of the Dungeon.
             The game lasted 00:10:49 (4233 turns).

porpoise the Changer (Draconian Transmuter)         Turns: 4233, Time: 00:10:50

Health: 0/46       AC:  6    Str: 12    XL:     5   Next: 57%
Magic:  7/8        EV: 12    Int: 14    God:
Gold:   494        SH:  0    Dex: 13    Spells: 1/8 levels left

rFire   . . .      SeeInvis .   a - +0 short sword
rCold   . . .      Faith    .   (no shield)
rNeg    . . .      Spirit   .   (body armour unavailable)
rPois   .          Reflect  .   (helmet currently unavailable)
rElec   .          Harm     .   h - +0 cloak
rCorr   .          Rampage  .   (no gloves)
Will    .....                   (boots currently unavailable)
Stlth   +.........              (no amulet)
HPRegen 0.15/turn               (no ring)
MPRegen 0.11/turn               (no ring)

@: appendages
A: horns 2, talons 2, AC +5, unfitting armour, cold-blooded
a: End Transformation


You were on level 5 of the Dungeon.
You had temporarily grown beastly horns and talons.
You visited 1 branch of the dungeon, and saw 5 of its levels.

You collected 494 gold pieces.

Inventory:

Hand Weapons
 a - a +0 short sword (weapon)
Missiles
 g - 6 atropa-tipped darts
 m - 12 poisoned darts (quivered)
Armour
 h - a +0 cloak (worn)
Magical Staves
 j - a staff of poison
 q - a staff of conjuration
Jewellery
 l - a ring of fire
Wands
 r - a wand of roots (11)
Scrolls
 b - a scroll of noise
 i - a scroll of amnesia
 o - a scroll of torment {unknown}
Potions
 c - 3 potions of lignification
 d - 2 potions of flight
 e - a potion of mutation
 f - 5 potions of curing
 k - a potion of cancellation {unknown}
 p - a potion of brilliance


   Skills:
 + Level 4.1 Fighting
 + Level 1.4 Short Blades
 - Level 1.7 Dodging
 - Level 3.0 Unarmed Combat
 - Level 2.0 Spellcasting
 + Level 4.1 Transmutations


You had one spell level left.
You knew the following spells:

 Your Spells              Type           Power      Damage    Failure   Level
a - Beastly Appendage     Tmut           26%        N/A       4%          1
c - Ice Form              Ice/Tmut       7%         N/A       69%         4
w - Wereblood             Tmut           13%        N/A       6%          2

Your spell library contained the following spells:

 Spells                   Type           Power      Damage    Failure   Level
 Spider Form              Tmut/Pois      7%         N/A       30%         3


Dungeon Overview and Level Annotations

Branches:
Dungeon (5/15)
 Temple: D:4-7

Altars:
Fedhas
Sif Muna

Annotations:
D:3 3 runed translucent doors, exclusion: oklob plant, Valamore's ghost, amateur FoFi
D:5 Edmund


Innate Abilities, Weirdness & Mutations

You have temporarily grown beastly horns and talons.
Your plain brown scales are hard. (AC +5)
You cannot fit into any form of body armour.
You are cold-blooded and may be slowed by cold attacks.


Message History

Edmund is heavily wounded.
Edmund hits you with a +3 flail of holy wrath.
You hit Edmund but do no damage. You tail-slap Edmund.
Edmund is heavily wounded.
Edmund barely misses you.
You hit Edmund.
Edmund is heavily wounded.
Edmund closely misses you. x2
You hit Edmund. You punch Edmund.
Edmund is severely wounded.
Edmund misses you.
You hit Edmund but do no damage. You punch Edmund, but do no damage.
Edmund is severely wounded.
Edmund hits you with a +3 flail of holy wrath.
You barely miss Edmund.
Edmund is severely wounded.
Edmund closely misses you.
You closely miss Edmund.
Your tail-slap misses Edmund.
Edmund is severely wounded.
Edmund completely misses you.
You closely miss Edmund.
Your tail-slap misses Edmund.
Edmund is severely wounded.
Edmund misses you.
You hit Edmund but do no damage.
Edmund is severely wounded.
Edmund closely misses you.
Casting: Beastly Appendage (safe; 4% risk of failure)
Confirm with . or Enter, or press ? or * to list all spells.
You grow a pair of large bovine horns.
Your feet morph into talons.
Edmund hits you with a +3 flail of holy wrath!
* * * LOW HITPOINT WARNING * * *
You hit Edmund but do no damage. You claw Edmund. You headbutt Edmund.
Edmund is almost dead.
Edmund gestures with his flail.
Edmund barely misses you.
You barely miss Edmund. You claw Edmund, but do no damage.
You headbutt Edmund, but do no damage.
Edmund is almost dead.
Edmund hits you with a +3 flail of holy wrath.
You die...

##............#
##.............#
#.<............#
##..............#
#..............<#
#..............##
#..............##
##...........#..#
#..........###@#
#.........#
#.@...#
###.....###
.......# #######
....#((..#
#...####... ....#
.. ..#... .
.###...


You could see Edmund.

Vanquished Creatures
  2 jellies (D:4)
  An iguana (D:4)
  4 adders
  A dart slug (D:3)
  4 orcs
  12 ball pythons
  5 bats
  6 endoplasms
  A giant cockroach (D:2)
  6 hobgoblins
  4 jackals (D:2)
  5 kobolds
  5 quokkas
  A frilled lizard (D:1)
  9 goblins
  13 rats
79 creatures vanquished.

Vanquished Creatures (collateral kills)
  A dart slug (D:4)
1 creature vanquished.

Vanquished Creatures (others)
  2 fungi (D:3)
  2 plants (D:3)
4 creatures vanquished.

Grand Total: 84 creatures vanquished

Notes
Turn   | Place    | Note
-------+----------+-------------------------------------------
     0 | D:1      | porpoise the Draconian Transmuter began the quest for the
                  | Orb.
     0 | D:1      | Reached XP level 1. HP: 16/16 MP: 3/3
   148 | D:1      | Reached XP level 2. HP: 23/24 MP: 1/5
   190 | D:1      | Learned a level 2 spell: Wereblood
   605 | D:1      | Found a faded altar of an unknown god.
   932 | D:2      | Reached XP level 3. HP: 18/30 MP: 4/6
  1944 | D:3      | Found a runed translucent gate.
  1944 | D:3      | Found a runed translucent gate.
  1946 | D:3      | Noticed Valamore's ghost (amateur FoFi)
  1972 | D:3      | Found a runed translucent gate.
  1973 | D:3      | Noticed a kobold brigand
  1988 | D:3      | Reached XP level 4. HP: 20/38 MP: 7/7
  2688 | D:3      | Found a blossoming altar of Fedhas.
  2703 | D:3      | Noticed an oklob plant
  2862 | D:4      | Learned a level 4 spell: Ice Form
  2867 | D:4      | Identified a scroll of acquirement
  2867 | D:4      | Acquired 322 gold pieces
  2936 | D:4      | Found a shimmering blue altar of Sif Muna.
  2999 | D:4      | Reached XP level 5. HP: 40/46 MP: 6/8
  3395 | D:4      | Reached skill level 1 in Short Blades
  4132 | D:5      | Entered Level 5 of the Dungeon
  4197 | D:5      | Noticed Edmund
  4233 | D:5      | Slain by Edmund

Illustrated notes

Levels and vault maps discovered:
D:1:      minmay_arrival_stone_box, layout_rooms, basic_ecumenical_altar,
          corner_web_ring
D:2:      layout_loops_corners, serial_bayou_ford_a
D:3:      layout_rooms, tgw_fedhas, gammafunk_ghost_nasty_kobolds, corexii_shack
D:4:      layout_rooms, mainiacjoe_overflow_concentric_impassable,
          serial_co_window_serial, co_window_corner_a, co_window_paths_b,
          co_window_of_opportunity_a, co_window_corner_a,
          co_window_of_opportunity_a, co_window_corner_a, co_window_paths_c,
          co_window_broadway_c, co_window_corner_ca, co_window_broadway_b,
          glass_columns_a, glass_columns_c, glass_columns_a, glass_columns_b,
          glass_columns_b
D:5:      layout_cave_pods, uniq_edmund

Skill      XL: |  1  2  3  4  5 |
---------------+----------------+-----
Fighting       | 2 3 4 |  4.1
Transmutations | 3 4 |  4.1
Short Blades   | 1 |  1.4
Dodging        | |  1.7
Unarmed Combat | |  3.0
Spellcasting   | |  2.0

Action                   |  1- 3 |  4- 6 || total
-------------------------+-------+-------++-------
Melee: Unarmed           |    13 |       ||    13
       Kick              |    21 |    30 ||    51
       Headbutt          |    10 |    16 ||    26
       Short sword       |    81 |   125 ||   206
       Tailslap          |     8 |    16 ||    24
       Punch             |     6 |     5 ||    11
Throw: Dart              |     2 |     3 ||     5
 Cast: Beastly Appendage |    24 |    22 ||    46
  Use: Scroll            |     4 |     7 ||    11
       Potion            |       |     1 ||     1
 Stab: Sleeping          |     3 |       ||     3
Armor: Skin              |    32 |    31 ||    63
Dodge: Dodged            |    58 |    75 ||   133

Table legend: (Time is in decaauts)
 A = Elapsed time spent in this place.
 B = Non-inter-level travel time spent in this place.
 C = Inter-level travel time spent in this place.
 D = Time resting spent in this place.
 E = Time spent auto-exploring this place.
 F = Levels seen in this place.
 G = Mean time per level.
                   A        B        C        D        E       F      G
               +--------+--------+--------+--------+--------+-----+--------+
         Total |   4265 |   4166 |     99 |    798 |   2712 |   5 |  853.0 |
       Dungeon |   4265 |   4166 |     99 |    798 |   2712 |   5 |  853.0 |
               +--------+--------+--------+--------+--------+-----+--------+

Top non-repeatable levels by time:
     D:4: 1280 daAuts
     D:2: 1257 daAuts
     D:3: 916 daAuts
     D:1: 709 daAuts
     D:5: 102 daAuts
